 Dungeon Crawl Stone Soup version 0.29-a0-321-gf1c400731a (webtiles) character file.

Game seed: 5141331367713127673

10517 dreadwin the Fighter (level 11, -4/99 HPs)
             Began as a Minotaur Chaos Knight on Apr 3, 2022.
             Was a Plaything of Xom.
             Shot with a sling bullet by Joseph (17 damage)
             ... on level 10 of the Dungeon.
             The game lasted 00:43:21 (9033 turns).

dreadwin the Fighter (Minotaur Chaos Knight)        Turns: 9033, Time: 00:43:21

Health: -4/99      AC:  9    Str: 21      XL:     11   Next: 37%
Magic:  3/11       EV: 13    Int:  9      God:    Xom [*.....]
Gold:   592        SH: 10    Dex: 14 (15) Spells: 9/11 levels left

rFire   + + .      SeeInvis .   F - +5 demon blade of Vuapud {drain, Dex+3}
rCold   x . .      Faith    .   G - +1 kite shield
rNeg    . . .      Spirit   .   v - +1 ring mail {rF+}
rPois   .          Reflect  .   (helmet restricted)
rElec   .          Harm     .   (no cloak)
rCorr   .          Rampage  .   (no gloves)
Will    .....                   (no boots)
Stlth   ++........              p - amulet of regeneration
HPRegen 1.06/turn               k - ring of fire
MPRegen 0.12/turn               (no ring)

@: no status effects
A: horns 2, retaliatory headbutt, iridescent scales 1, agile 1, deterioration 1,
screaming 1, MP-powered wands, sturdy frame 1
a: Renounce Religion


You were on level 10 of the Dungeon.
You worshipped Xom.
You were a special plaything of Xom.
You visited 1 branch of the dungeon, and saw 10 of its levels.

You collected 592 gold pieces.

Inventory:

Hand Weapons
 o - a +0 hand crossbow
 u - the +0 staff of Battle
   (You found it on level 4 of the Dungeon)

   It enhances your conjuration magic.
   It summons a battlesphere in combat, with strength depending on Conjurations
   skill.
   Its strikes trigger the battlesphere's blasts.
 y - a +2 rapier of venom
 F - the +5 demon blade of Vuapud (weapon) {drain, Dex+3}
   (You found it on level 7 of the Dungeon)

   A truly terrible weapon, it drains the life of any living foe it strikes.
   Dex:       It affects your dexterity (+3).
Missiles
 e - 222 stones
 h - 22 poisoned darts
Armour
 b - a +2 leather armour
 v - a +1 ring mail of fire resistance (worn)
 G - a +1 kite shield (worn)
Jewellery
 k - a ring of fire (left hand)
 p - an amulet of regeneration (around neck)
Wands
 i - a wand of acid (1) (quivered)
 M - a wand of polymorph (8)
 O - a wand of charming (2)
 Q - a wand of iceblast (7)
Scrolls
 a - 2 scrolls of enchant weapon {unknown}
 d - 3 scrolls of identify
 f - 2 scrolls of torment
 g - 2 scrolls of magic mapping
 j - 2 scrolls of fear {unknown}
 m - 2 scrolls of teleportation
 n - 2 scrolls of fog {unknown}
 q - a scroll of enchant armour
 r - 3 scrolls of vulnerability
 w - 2 scrolls of summoning
 H - a scroll of amnesia {unknown}
 I - a scroll of holy word {unknown}
 J - a scroll of blinking
 K - a scroll of acquirement {unknown}
Potions
 l - a potion of resistance {unknown}
 t - a potion of lignification {unknown}
 x - 4 potions of brilliance
 z - a potion of haste
 A - 5 potions of flight
 B - a potion of attraction {unknown}
 C - 3 potions of ambrosia
 D - a potion of mutation
 E - a potion of curing
 P - a potion of invisibility
Miscellaneous
 c - a piece from Xom's chessboard (15/15)


   Skills:
 + Level 10.0 Fighting
 + Level 8.2 Long Blades
 + Level 9.6(10.5) Axes
 + Level 6.5(9.0) Maces & Flails
 + Level 3.5(4.2) Slings
 + Level 2.9(3.6) Throwing
 + Level 7.6 Armour
 + Level 6.7 Dodging
 + Level 2.2 Stealth
 + Level 5.5 Shields
 + Level 0.6 Spellcasting
 + Level 0.1 Hexes
 + Level 0.2 Ice Magic
 + Level 0.4 Evocations


You had 9 spell levels left.
You knew the following spells:

 Your Spells              Type           Power      Damage    Failure   Level
a - Freeze                Ice            0%         1d3       77%         1
b - Slow                  Hex            0%         N/A       77%         1

Your spell library contained the following spells:

 Spells                   Type           Power      Damage    Failure   Level
 Pain                     Necr           0%         1d4       80%         1
 Summon Small Mammal      Summ           0%         N/A       80%         1
 Blink                    Tloc           0%         N/A       90%         2
 Confusing Touch          Hex            0%         N/A       98%         3
 Dazzling Flash           Conj/Hex       0%         N/A       98%         3
 Frozen Ramparts          Ice            0%         1d2       98%         3
 Summon Guardian Golem    Hex/Summ       0%         N/A       98%         3
 Call Canine Familiar     Summ           0%         N/A       99%         3
 Lesser Beckoning         Tloc           0%         N/A       99%         3
 Vampiric Draining        Necr           0%         2d6       99%         3
 Hailstorm                Conj/Ice       0%         3d3       100%        4
 Iskenderun's Mystic Bla  Conj/Tloc      0%         2d3       100%        4
 Agony                    Necr           0%         N/A       100%        5
 Excruciating Wounds      Necr           0%         N/A       100%        5
 Manifold Assault         Tloc           0%         N/A       100%        5
 Starburst                Conj/Fire      0%         6d3       100%        6


Dungeon Overview and Level Annotations

Branches:
Dungeon (10/15)            Temple (0/1) D:4
   Lair: D:8-11         Orc: D:9-12

Altars:
Fedhas
Qazlal
Ru
Xom
Zin
The Shining One

Shops:
D:2 (   D:9 *

Annotations:
D:10 Joseph


Innate Abilities, Weirdness & Mutations

You have a pair of horns on your head.
You reflexively headbutt those who attack you in melee.
You are partially covered in iridescent scales. (AC +2)
You are agile. (Dex +2)
Your body sometimes deteriorates upon taking damage.
You occasionally shout uncontrollably at your foes.
You expend magic power (3 MP) to strengthen your wands.
Your movements are slightly less encumbered by armour. (ER -2)


Message History

You feel much better. "You have displeased me, mortal."
Your body is wracked with pain!
* * * LOW HITPOINT WARNING * * *
Joseph shoots a sling bullet.
You block the sling bullet. Something gores you.
* * * LOW HITPOINT WARNING * * *
You hit something. Something gores you!
* * * LOW HITPOINT WARNING * * *
You slash something!
Reactivating autopickup.
You feel a bit more experienced.
Joseph says, "I've waited for this moment for such a long time."
Joseph shoots a sling bullet.
The sling bullet hits you.
* * * LOW HITPOINT WARNING * * *
Joseph shoots a sling bullet.
The sling bullet misses you.
You see here a yak corpse.
Aiming: Corrosive Bolt
Press: ? - help, Q - select action, (/) - cycle Shift-Dir - straight line, f - Joseph
Aim: Joseph, wielding a +0 hunting sling, wearing a +0 leather armour and carrying a wand of digging (3) (71% to hit)
You feel a surge of power!
The bolt of acid hits Joseph!
The acid corrodes Joseph!
Joseph is lightly wounded.
Joseph shoots a sling bullet.
The sling bullet closely misses you.
You feel better.
Joseph says, "Coming here was your last mistake."
Joseph shoots a sling bullet.
The sling bullet hits you!
* * * LOW HITPOINT WARNING * * *
Xom makes a sudden noise!
You hear someone calling for help!
You are now a special plaything of Xom.
You hear a howl!
You hear a horrible gurgling sound! x2; You hear a shout! x2
You hear a horrible gurgling sound! x3; You hear a shout!
Joseph shoots a sling bullet.
You block the sling bullet.
Aiming: Corrosive Bolt
Press: ? - help, Q - select action, (/) - cycle Shift-Dir - straight line, f/p - Joseph
Aim: Joseph, wielding a +0 hunting sling, wearing a +0 leather armour and carrying a wand of digging (3) (lightly wounded, covered in acid, 71% to hit)
You feel a surge of power!
The bolt of acid hits Joseph!!
Joseph is heavily wounded.
Joseph shoots a sling bullet.
The sling bullet hits you!
You die...
Xom chuckles heartily!

################
#..............#
#......>.......#
.@..@......$...#
#########+#......†...#
#.........#....@.....#
#........####)†.....#
#...........#)).....#
#...........#.).....#
####..†.....#..†..###
#..#........#..)).#
#..#........#..)).#.#
#..#........#.....#.#
#..#......§§#.....#.###


You could see Joseph (corroded).

Vanquished Creatures
  Sonja (D:10)
  Pikel (D:9)
  A deep elf pyromancer (D:9)
  An unseen horror (D:10)
  A komodo dragon (D:10)
  A hornet (D:9)
  Prince Ribbit (D:10)
  Sigmund (D:2)
  16 yaks
  4 wyverns
  4 vampire mosquitoes (D:9)
  A steam dragon (D:9)
  2 water moccasins (D:8)
  2 orc warriors
  An ice beast (D:5)
  3 black bears
  4 ogres
  6 centaurs
  A phantom (D:7)
  Blork the orc (D:6)
  2 bullfrogs
  2 gnoll sergeants
  5 scorpions
  A necrophage (D:7)
  10 killer bees
  A vampire bat (D:3)
  2 howler monkeys (D:9)
  3 hounds
  A jelly (D:4)
  3 orc priests
  A gnoll shaman (D:9)
  4 iguanas
  7 orc wizards
  11 gnolls
  13 adders
  A river rat (D:9)
  2 white imps
  2 ufetubi
  2 worms (D:2)
  A dart slug (D:2)
  3 fire bats (D:3)
  27 orcs
  2 spectral bats (D:3)
  2 ball pythons
  3 bat skeletons (D:3)
  A bat zombie (D:3)
  6 endoplasms
  6 giant cockroaches
  6 goblins
  5 hobgoblins
  4 quokkas
  16 bats
  A bat simulacrum (D:3)
  2 frilled lizards (D:1)
  10 kobolds
  4 rats
225 creatures vanquished.

Vanquished Creatures (collateral kills)
  Grinder (D:6)
  A wyvern (D:4)
  Eustachio (D:4)
  A yak (D:5)
  Edmund (D:4)
  An orc wizard (D:6)
  4 gnolls
  3 orcs (D:6)
  A kobold (D:4)
14 creatures vanquished.

Vanquished Creatures (others)
  3 orcs (D:8)
3 creatures vanquished.

Grand Total: 242 creatures vanquished

Notes
Turn   | Place    | Note
-------+----------+-------------------------------------------
     0 | D:1      | dreadwin the Minotaur Chaos Knight began the quest for the
                  | Orb.
     0 | D:1      | Reached XP level 1. HP: 19/19 MP: 0/0
   109 | D:1      | Reached skill level 4 in Fighting
   111 | D:1      | Reached XP level 2. HP: 27/27 MP: 1/1
   157 | D:1      | XOM: silly message
   194 | D:1      | Learned a level 1 spell: Freeze
   288 | D:1      | You fall into a shaft and drop 1 floor!
   385 | D:2      | XOM: silly message
   575 | D:2      | XOM: enchant monster (good)
   781 | D:1      | Found a faded altar of an unknown god.
   843 | D:1      | Reached XP level 3. HP: 33/33 MP: 2/2
   845 | D:1      | XOM: silly message
  1047 | D:2      | Noticed Sigmund
  1053 | D:2      | XOM: divination: detect items
  1061 | D:2      | Killed Sigmund
  1062 | D:2      | Reached skill level 1 in Axes
  1062 | D:2      | Reached skill level 5 in Maces & Flails
  1062 | D:2      | Reached XP level 4. HP: 5/41 MP: 3/3
  1062 | D:2      | Reached XP level 5. HP: 5/47 MP: 4/4
  1183 | D:2      | XOM: noise
  1189 | D:2      | XOM: confuse monster(s)
  1591 | D:2      | Found Dirrust's Weapon Shop.
  2036 | D:3      | XOM: give mutations
  2036 | D:3      | Gained mutation: You are agile. (Dex +2) [Xom's grace]
  2036 | D:3      | Gained mutation: You are partially covered in iridescent
                  | scales. (AC +2) [Xom's grace]
  2039 | D:3      | Learned a level 1 spell: Slow
  2304 | D:3      | XOM is BORED!
  2304 | D:3      | XOM: 3-stop teleportation journey
  2424 | D:3      | Reached XP level 6. HP: 55/55 MP: 2/5
  2648 | D:3      | XOM: silly message
  2740 | D:3      | XOM: god gift: 27 gold pieces
  2821 | D:3      | XOM: 1-stop teleportation journey
  2957 | D:3      | XOM: smoke on damage
  3164 | D:4      | Found a staircase to the Ecumenical Temple.
  3200 | D:4      | XOM: cleaving
  3202 | D:4      | XOM: summons friendly iron imp
  3209 | D:4      | Reached skill level 5 in Fighting
  3209 | D:4      | Reached skill level 5 in Armour
  3209 | D:4      | Reached XP level 7. HP: 59/61 MP: 6/6
  3216 | D:4      | XOM: divination: detect items
  3299 | D:4      | Noticed Edmund
  3310 | D:4      | Killed Edmund
  3311 | D:4      | Reached skill level 5 in Axes
  3334 | D:4      | Found the +0 staff of Battle
  3398 | D:4      | Reached skill level 1 in Slings
  3647 | D:4      | XOM: god gift: fuming dark potion {god gift}
  3669 | D:4      | XOM: cloud trail
  3697 | D:4      | XOM: 1-stop teleportation journey
  3716 | D:4      | XOM: give mutations
  3716 | D:4      | Gained mutation: You are very agile. (Dex +4) [Xom's grace]
  3716 | D:4      | Gained mutation: You have an increased reservoir of magic.
                  | (+10% MP) [Xom's grace]
  3777 | D:4      | XOM is BORED!
  3777 | D:4      | XOM: stat loss: -2 Str (16/18)
  3873 | D:4      | Found a sacrificial altar of Ru.
  3985 | D:4      | XOM: give mutations
  3985 | D:4      | Gained mutation: You have a somewhat thin skeletal
                  | structure. (Dex +2, Stealth+) [Xom's grace]
  3985 | D:4      | Gained mutation: You are mostly covered in iridescent
                  | scales. (AC +4) [Xom's grace]
  3985 | D:4      | Gained mutation: Your movements are slightly less
                  | encumbered by armour. (ER -2) [Xom's grace]
  3985 | D:4      | Gained mutation: Your mind is acute. (Int +2) [Xom's grace]
  4330 | D:5      | Entered Level 5 of the Dungeon
  4330 | D:5      | Noticed a wyvern
  4400 | D:5      | Noticed Eustachio
  4404 | D:5      | XOM: enchant monster (good)
  4411 | D:4      | Killed Eustachio
  4412 | D:4      | Reached XP level 8. HP: 29/69 MP: 7/7
  4413 | D:4      | Reached skill level 1 in Throwing
  4490 | D:5      | XOM: cloud trail
  4733 | D:5      | Reached skill level 6 in Fighting
  4737 | D:5      | XOM: summons 8 friendly demons
  4738 | D:5      | Reached skill level 1 in Stealth
  4863 | D:5      | Reached XP level 9. HP: 78/78 MP: 10/10
  4883 | D:5      | XOM: give mutation
  4883 | D:5      | Gained mutation: You have a pair of large horns on your
                  | head. [Xom's grace]
  4910 | D:5      | XOM: give mutations
  4910 | D:5      | Gained mutation: You occasionally shout uncontrollably at
                  | your foes. [Xom's mischief]
  4910 | D:5      | Gained mutation: You have very sharp teeth. [Xom's
                  | mischief]
  4910 | D:5      | Lost mutation: You have very sharp teeth. [Xom's mischief]
  4910 | D:5      | Gained mutation: You are frail. (-10% HP) [Xom's mischief]
  5066 | D:5      | XOM: give mutations
  5066 | D:5      | Lost mutation: You have a somewhat thin skeletal structure.
                  | (Dex +2, Stealth+) [Xom's mischief]
  5066 | D:5      | Gained mutation: Your body sometimes deteriorates upon
                  | taking damage. [Xom's mischief]
  5066 | D:5      | Lost mutation: You have a pair of large horns on your head.
                  | [Xom's mischief]
  5084 | D:5      | XOM: summons 2 hostile demons
  5136 | D:5      | Reached skill level 7 in Fighting
  5311 | D:6      | Noticed Grinder
  5311 | D:6      | XOM: summons friendly crimson imp
  5347 | D:6      | Killed Grinder
  5483 | D:6      | XOM: stat loss: -1 Dex (13/14)
  5550 | D:6      | Noticed Blork the orc
  5562 | D:6      | Killed Blork the orc
  5654 | D:6      | XOM: give mutations
  5654 | D:6      | Lost mutation: You are very agile. (Dex +4) [Xom's
                  | mischief]
  5654 | D:6      | Gained mutation: You expend magic power (3 MP) to
                  | strengthen your wands. [Xom's mischief]
  5654 | D:6      | Gained mutation: Your muscles are strong. (Str +2) [Xom's
                  | mischief]
  5659 | D:6      | XOM: 2-stop teleportation journey
  5846 | D:7      | XOM: swap monsters
  5849 | D:7      | Reached skill level 5 in Dodging
  5975 | D:7      | XOM: noise
  5979 | D:7      | Reached skill level 8 in Fighting
  6060 | D:7      | Found a glowing golden altar of the Shining One.
  6158 | D:7      | Reached XP level 10. HP: 79/79 MP: 11/11
  6158 | D:7      | Identified the +5 demon blade of Vuapud {drain, Dex+3}
  6811 | D:7      | XOM: noise
  6977 | D:7      | XOM: give mutations
  6977 | D:7      | Lost mutation: Your muscles are strong. (Str +2) [Xom's
                  | mischief]
  6977 | D:7      | Lost mutation: You are frail. (-10% HP) [Xom's mischief]
  7064 | D:8      | Reached skill level 1 in Long Blades
  7151 | D:8      | XOM: destruction
  7252 | D:8      | XOM: 3-stop teleportation journey
  7257 | D:8      | XOM: cloud trail
  7280 | D:8      | Reached skill level 1 in Shields
  7296 | D:8      | XOM: 3-stop teleportation journey
  7788 | D:9      | XOM is BORED!
  7788 | D:9      | XOM: polymorph orc -> river rat
  7858 | D:9      | Noticed Pikel
  7871 | D:9      | Killed Pikel
  7900 | D:9      | XOM: god gift: potion of brilliance
  7928 | D:9      | XOM is BORED!
  7928 | D:9      | XOM: 1-stop teleportation journey
  7933 | D:9      | Noticed a deep elf pyromancer
  7936 | D:9      | Noticed Prince Ribbit
  7941 | D:9      | Reached skill level 5 in Long Blades
  7944 | D:9      | XOM: confuse monster(s)
  7951 | D:9      | XOM: scenery: create altars
  7954 | D:10     | Entered Level 10 of the Dungeon
  7958 | D:10     | Killed Prince Ribbit
  7976 | D:9      | Killed a deep elf pyromancer
  7977 | D:9      | Reached skill level 9 in Fighting
  8065 | D:9      | Found Ikkoss's General Store.
  8073 | D:9      | XOM: cast spell 'Summon Cactus Giant'
  8110 | D:9      | Lost mutation: You are mostly covered in iridescent scales.
                  | (AC +4) [potion of mutation]
  8110 | D:9      | Lost mutation: Your mind is acute. (Int +2) [potion of
                  | mutation]
  8110 | D:9      | Gained mutation: You have sharp toenails. [potion of
                  | mutation]
  8176 | D:9      | XOM: summons friendly ufetubus
  8320 | D:9      | XOM: god gift: wand of acid (6)
  8345 | D:9      | XOM: give mutations
  8345 | D:9      | Lost mutation: You have sharp toenails. [Xom's mischief]
  8345 | D:9      | Lost mutation: You have an increased reservoir of magic.
                  | (+10% MP) [Xom's mischief]
  8601 | D:10     | Found a glowing silver altar of Zin.
  8632 | D:9      | XOM: swap monsters
  8635 | D:9      | XOM: confusion
  8701 | D:9      | XOM: repel stairs
  8708 | D:9      | Reached XP level 11. HP: 69/97 MP: 11/11
  8737 | D:10     | XOM: chaos cloud
  8790 | D:10     | XOM: swap monsters
  8817 | D:10     | Noticed Sonja
  8821 | D:10     | XOM: chaos cloud
  8822 | D:10     | XOM: swap monsters
  8824 | D:10     | Killed Sonja
  8857 | D:10     | XOM: 2-stop teleportation journey
  8858 | D:10     | Found a stormy altar of Qazlal.
  8925 | D:10     | Found a blossoming altar of Fedhas.
  8989 | D:10     | Reached skill level 5 in Shields
  8989 | D:10     | XOM: swap monsters
  8993 | D:10     | XOM: chaos cloud
  9001 | D:10     | Reached skill level 10 in Fighting
  9018 | D:10     | Noticed Joseph
  9026 | D:10     | XOM: torment (18/99 hp)
  9032 | D:10     | XOM: noise
  9033 | D:10     | Shot with a sling bullet by Joseph

Illustrated notes

Levels and vault maps discovered:
D:1:      dpeg_arrival_erosion, layout_rooms, hellmonk_ecumenical_altar_blasted,
          hangedman_decor_points, kennysheep_minor_cross, minmay_door_square
D:2:      layout_basic, serial_shops, nicolae_square_shop, uniq_sigmund
D:3:      layout_loops_corners, goddamned_bats
D:4:      layout_layer_cave, hangedman_ru_absence, temple_fountains, uniq_edmund
D:5:      layout_basic, minivault_27, kennysheep_generic_room_9, uniq_eustachio
D:6:      layout_rooms, uniq_grinder, uniq_blork_the_orc
D:7:      hellmonk_ruined_rings, layout_basic,
          mainiacjoe_overflow_concentric_impassable, kennysheep_nub,
          minmay_quadrilaterals
D:8:      layout_loops_ring
D:9:      layout_loops_ring, serial_shops, shop, kennysheep_crisscross,
          uniq_pikel, uniq_prince_ribbit1
D:10:     layout_irregular_city, grunt_temple_overflow_forces_of_nature,
          minitemple, mainiacjoe_overflow_small_starburst,
          ploomutoo_gammafunk_ghost_potion_laboratory, roderic_roman_lattice,
          grunt_decor_junction, uniq_joseph, uniq_sonja

Skill      XL: |  1  2  3  4  5  6  7  8  9 10 11 |
---------------+----------------------------------+-----
Fighting       | 4 5 6 8 9 10 | 10.0
Maces & Flails | 4 5 6 |  6.5
Axes           | 1 4 6 8 9 |  9.6
Armour         | 3 4 5 6 7 |  7.6
Dodging        | 2 3 4 5 6 |  6.7
Slings         | 1 3 |  3.5
Throwing       | 1 2 |  2.9
Stealth        | 1 2 |  2.2
Long Blades    | 7 8 |  8.2
Shields        | 4 5 |  5.5
Spellcasting   | |  0.6
Hexes          | |  0.1
Ice Magic      | |  0.2
Evocations     | |  0.4

Action                   |  1- 3 |  4- 6 |  7- 9 | 10-12 || total
-------------------------+-------+-------+-------+-------++-------
Melee: Mace              |    40 |       |    43 |       ||    83
       Headbutt          |     5 |    17 |    39 |    43 ||   104
       Battleaxe         |     6 |   103 |   151 |       ||   260
       Punch             |       |       |     1 |       ||     1
       Demon blade       |       |       |       |   227 ||   227
       Kick              |       |       |       |     4 ||     4
 Fire: Hunting sling     |       |     2 |    10 |       ||    12
       Hand crossbow     |       |       |       |     2 ||     2
Throw: Stone             |     5 |       |    12 |     1 ||    18
       Boomerang         |       |       |    10 |       ||    10
 Cast: Freeze            |       |     1 |     1 |       ||     2
       Slow              |       |       |     1 |       ||     1
Evoke: Piece from Xom's  |     1 |     1 |     2 |     2 ||     6
       Wand              |       |       |       |     5 ||     5
  Use: Potion            |     2 |     2 |     3 |     6 ||    13
       Scroll            |       |     4 |     6 |     4 ||    14
 Stab: Confused          |       |     1 |       |       ||     1
       Petrified         |       |       |     4 |       ||     4
       Sleeping          |       |       |       |     1 ||     1
Armor: Leather armour    |    17 |       |       |       ||    17
       Ring mail         |    12 |   104 |   138 |   106 ||   360
Dodge: Dodged            |    39 |   116 |   208 |   180 ||   543
Block: Kite shield       |       |       |       |   174 ||   174

Table legend: (Time is in decaauts)
 A = Elapsed time spent in this place.
 B = Non-inter-level travel time spent in this place.
 C = Inter-level travel time spent in this place.
 D = Time resting spent in this place.
 E = Time spent auto-exploring this place.
 F = Levels seen in this place.
 G = Mean time per level.
                   A        B        C        D        E       F      G
               +--------+--------+--------+--------+--------+-----+--------+
         Total |   9148 |   8976 |    172 |    100 |   5711 |  10 |  914.8 |
       Dungeon |   9148 |   8976 |    172 |    100 |   5711 |  10 |  914.8 |
               +--------+--------+--------+--------+--------+-----+--------+

Top non-repeatable levels by time:
     D:4: 1392 daAuts
     D:7: 1231 daAuts
     D:3: 1227 daAuts
     D:2: 1139 daAuts
     D:9: 931 daAuts
     D:5: 832 daAuts
     D:1: 742 daAuts
     D:8: 739 daAuts
     D:6: 547 daAuts
    D:10: 365 daAuts
